Map: Hardwire LE

Players

thanxtogive

  • Race: Protoss Protoss
  • League: Master
  • Spawn Location: 7:00

Warthog - Winner!

  • Race: Terran Terran
  • League: Master
  • Spawn Location: 1:00

VOD

Have the link to the VOD?

Description

Time

  • Played on: Jan. 11, 2022, 10:47 p.m.
  • Length: 12:22
Show
View Real Time Build Order
Export as new Build Order

thanxtogive Protoss 

Build Orders: Oracle Opening, Blink Stalkers 

Get SALT Encoding   

  12  0:00  Probe  
  13  0:12  Probe  
  14  0:18  Pylon  
  14  0:24  Probe  
  15  0:38  Gateway  
  15  0:40  Probe (Chrono Boost)  
  16  0:43  Assimilator  
  16  0:52  Probe (Chrono Boost)  
  17  0:57  Probe (Chrono Boost)  
  18  1:06  Probe  
  19  1:18  Probe  
  19  1:20  Assimilator  
  20  1:26  Cybernetics Core  
  20  1:30  Probe  
  21  1:50  Nexus  
  21  2:00  Adept (Chrono Boost)  
  21  2:01  Warp Gate (Chrono Boost)  
  23  2:11  Pylon  
  23  2:15  Stargate  
  23  2:29  Probe  
  24  2:35  Twilight Council  
  24  2:41  Probe  
  25  2:53  Probe  
  25  2:57  Oracle (Chrono Boost), Pylon  
  26  3:04  Probe  
  26  3:05  Probe  
  31  3:16  Probe  
  31  3:17  Probe  
  33  3:20  Shield Battery  
  33  3:25  Blink (Chrono Boost)  
  33  3:28  Probe  
  33  3:29  Probe  
  35  3:40  Shield Battery  
  36  3:41  Probe  
  36  3:43  Stalker  
  36  3:47  Gateway  
  38  3:51  Gateway  
  38  3:53  Probe  
  39  4:01  Gateway  
  39  4:04  Probe  
  39  4:06  Probe  
  41  4:16  Probe  
  42  4:18  Robotics Facility  
  42  4:20  Probe, Pylon  
  42  4:24  Sentry  
  45  4:28  Probe  
  46  4:36  Probe  
  47  4:40  Probe  
  48  4:46  Pylon  
  48  4:48  Probe  
  48  4:51  Sentry  
  51  4:53  Pylon  
  51  5:00  Stalker  
  51  5:01  Stalker  
  55  5:07  Probe  
  55  5:09  Assimilator  
  55  5:10  Assimilator  
  55  5:11  Pylon  
  56  5:18  Probe  
  56  5:21  Pylon  
  57  5:24  Shield Battery  
  57  5:33  Robotics Bay  
  57  5:43  Stalker  
  57  5:44  Stalker  
  61  5:50  Probe  
  61  5:52  Probe, Gateway  
  61  5:55  Observer  
  61  5:56  Forge  
  64  5:57  Forge  
  64  6:02  Probe  
  64  6:03  Pylon  
  65  6:18  Sentry, Colossus (Chrono Boost)  
  65  6:25  Pylon  
  73  6:34  Pylon  
  70  6:46  Nexus  
  70  6:47  Pylon  
  70  6:48  Pylon  
  70  6:50  Pylon  
  70  6:52  Pylon  
  70  7:01  Colossus (Chrono Boost), Probe x2  
  78  7:13  Robotics Facility, Probe x2  
  78  7:14  Assimilator  
  80  7:19  Assimilator  
  80  7:25  Probe  
  80  7:26  Shield Battery, Charge  
  80  7:27  Stalker x2  
  80  7:29  Probe  
  86  7:32  Shield Battery  
  86  7:34  Shield Battery  
  86  7:36  Shield Battery  
  86  7:37  Observer, Probe  
  86  7:41  Probe  
  88  7:48  Colossus  
  88  7:49  Probe  
  95  7:55  Sentry  
  97  8:01  Probe  
  98  8:06  Stalker  
  98  8:07  Stalker x2  
  98  8:11  Observer  
  105  8:14  Pylon  
  105  8:16  Zealot  
  107  8:20  Gateway  
  107  8:24  Gateway  
  107  8:32  Zealot x4  
  98  8:48  Zealot  
  97  8:55  Stalker x4  
  97  8:56  Colossus  
  97  8:57  Colossus  
  79  9:11  Probe x3  
  79  9:15  Stalker x2  
  71  9:19  Stalker x2  
  64  9:23  Probe  
Show
View Real Time Build Order
Export as new Build Order

Warthog Terran - Winner!

Build Orders:  

Get SALT Encoding   

  12  0:07  SCV  
  13  0:19  SCV  
  14  0:22  Supply Depot  
  14  0:31  SCV  
  15  0:44  SCV  
  15  0:46  Barracks  
  16  0:51  Refinery  
  16  0:56  SCV  
  17  1:08  SCV  
  18  1:20  SCV  
  19  1:33  Orbital Command  
  19  1:38  Marine  
  20  1:47  Command Center  
  20  1:56  Barracks Reactor  
  20  2:04  SCV  
  21  2:10  Supply Depot  
  21  2:16  SCV  
  21  2:22  Barracks  
  22  2:24  Barracks  
  22  2:28  SCV  
  23  2:33  Marine x2  
  25  2:40  SCV  
  26  2:45  Engineering Bay  
  26  2:50  Marine  
  26  2:51  Marine  
  28  2:59  SCV  
  28  3:01  Orbital Command  
  29  3:08  Marine  
  31  3:14  Barracks Tech Lab, Terran Infantry Weapons Level 1  
  31  3:15  Barracks Tech Lab  
  31  3:17  SCV  
  31  3:26  Marine x2  
  33  3:27  SCV  
  33  3:29  SCV  
  35  3:36  Supply Depot  
  35  3:38  Marine x2  
  35  3:39  SCV  
  35  3:40  Stimpack  
  39  3:41  SCV  
  39  3:48  Combat Shield  
  39  3:51  SCV  
  39  3:53  SCV  
  41  3:56  Supply Depot  
  41  4:00  Marine x3  
  44  4:03  SCV  
  44  4:05  SCV  
  44  4:06  Refinery  
  44  4:08  Refinery  
  46  4:10  Supply Depot  
  46  4:13  Marine  
  46  4:15  SCV  
  48  4:18  Marine  
  48  4:21  Marine  
  48  4:22  Marine  
  48  4:23  SCV  
  52  4:28  SCV  
  52  4:30  Factory  
  51  4:35  SCV  
  51  4:40  SCV  
  51  4:41  Marine x3  
  55  4:46  Marine  
  55  4:48  SCV  
  57  4:55  Missile Turret  
  57  4:57  Missile Turret  
  57  4:58  Marine  
  57  4:59  Marine x2  
  60  5:03  SCV  
  60  5:04  Marine  
  62  5:11  SCV  
  63  5:15  SCV, Starport  
  63  5:16  Factory Reactor  
  63  5:17  Refinery  
  64  5:23  SCV  
  64  5:24  Supply Depot, Terran Infantry Armor Level 1  
  64  5:27  SCV  
  66  5:29  Marine x2  
  66  5:32  Marauder  
  70  5:46  SCV x2, Marauder  
  74  5:58  SCV x2, Medivac  
  74  5:59  Factory Reactor  
  74  6:03  Command Center  
  78  6:14  Supply Depot, Marine  
  78  6:16  Supply Depot  
  78  6:29  Armory  
  78  6:34  Barracks  
  78  6:35  Barracks, Medivac x2, Marauder, Marine x2  
  78  6:37  SCV, Marine  
  78  6:39  Supply Depot  
  88  6:46  SCV  
  89  6:49  Supply Depot, SCV  
  89  6:50  Supply Depot  
  89  6:52  Widow Mine  
  89  6:53  Widow Mine  
  94  6:58  Concussive Shells  
  94  7:00  Marine  
  94  7:01  Marauder x2  
  99  7:05  Medivac  
  99  7:06  Supply Depot  
  101  7:10  Medivac  
  101  7:15  SCV x2  
  105  7:22  Widow Mine x2, Marauder, Marine  
  112  7:23  Barracks Reactor  
  112  7:24  Barracks Tech Lab  
  112  7:27  SCV x2  
  112  7:29  Marauder, Marine  
  117  7:31  Supply Depot  
  117  7:35  Supply Depot  
  117  7:39  Missile Turret  
  117  7:49  Marauder, Marine x2  
  117  7:50  SCV x2  
  117  7:51  Medivac, Widow Mine x2  
  129  7:55  Terran Infantry Weapons Level 2  
  129  7:58  Medivac  
  129  8:02  Marauder  
  133  8:14  Marauder, Marine  
  133  8:17  Marine  
  133  8:18  Marauder  
  133  8:19  SCV, Widow Mine x2  
  144  8:22  Orbital Command  
  136  8:42  Marine  
  136  8:43  Marauder  
  138  8:53  Marine  
  138  8:54  Marauder, Marine  
  138  8:55  Marauder, Marine  
  137  8:59  Medivac, Widow Mine  
  137  9:00  SCV x3, Marine  
  145  9:04  Marauder  
  139  9:11  Marine x2  
  139  9:12  SCV x3  
  139  9:15  Marauder  
  141  9:19  Marauder, Marine  
  144  9:33  Marine  
  144  9:34  Marauder  
  144  9:37  Supply Depot x2  
  144  9:38  Medivac x2, Widow Mine x2  
  144  9:39  Marauder  
  144  9:54  Ghost Academy  
  144  9:58  SCV x2, Marine x2  
  144  10:09  Refinery, SCV, Command Center, Barracks  
  144  10:10  SCV x2, Refinery  
  144  10:11  Barracks x2  
  144  10:21  SCV  
  144  10:27  Marauder, Marine x2  
  144  10:31  Supply Depot x2, Enhanced Shockwaves  
  144  10:33  Ghost  
  144  10:34  Ghost  
  144  10:40  Marine x2  
  144  10:45  Marine  
  144  10:48  Ghost  
  144  10:55  Supply Depot  
  144  11:03  Marauder  
  144  11:12  Starport  
  144  11:16  Factory Reactor  
  144  11:57  Marine  
  144  11:59  Barracks Tech Lab x3  
Tags
 
Add a new tag
Caveats
  • Supply blocks, unpowered buildings, or Contaminate may cause inaccurate times.
  • Supply counts are checked every 10 seconds.